 Dungeon Crawl Stone Soup version 0.26-a0-720-g2a1d101370 (webtiles) character file.

Game seed: 18386145307243141450

6626 kharz the Zephyrmancer (level 11, -1/66 HPs)
             Began as a Tengu Air Elementalist on Nov 3, 2020.
             Was an Initiate of Vehumet.
             Slain by a big kobold
             ... wielding a +0 short sword of distortion
              (6 damage)
             ... on level 6 of the Dungeon.
             The game lasted 01:10:58 (13174 turns).

kharz the Zephyrmancer (Tengu Air Elementalist)    Turns: 13174, Time: 01:10:58

Health: -1/66      AC: 16    Str: 10    XL:     11   Next: 2%
Magic:  21/22      EV: 22    Int: 17    God:    Vehumet [......]
Gold:   231        SH:  0    Dex: 15    Spells: 10/23 levels left

rFire    . . .     SeeInvis .   L - +2 dagger (flame)
rCold    + . .     Faith    .   (no shield)
rNeg     + . .     Spirit   .   C - +6 scale mail of Autotheism {rC+ rN+ Slay+3}
rPois    .         Reflect  .   (helmet restricted)
rElec    .         Harm     .   b - +1 cloak
rCorr    .         Rampage  .   D - +0 pair of gloves
MR       .....                  (boots unavailable)
Stlth    +.........             O - amulet of magic regeneration
HPRegen  0.21/turn              q - +4 ring of evasion
MPRegen  0.43/turn              I - +4 ring of evasion

@: flying quickly and evasively, quick
A: beak, talons 3, able to fly
a: Stop Flying, Renounce Religion


You were on level 6 of the Dungeon.
You worshipped Vehumet.
Vehumet was noncommittal.
You visited 2 branches of the dungeon, and saw 9 of its levels.
You visited the Abyss 1 time.

You collected 381 gold pieces.
You spent 150 gold pieces at shops.

Inventory:

Hand Weapons
 j - a cursed +4 long sword
 k - a +0 fustibalus
 L - a +2 dagger of flaming (weapon)
Missiles
 a - 8 curare-tipped darts (quivered)
 o - 53 poisoned darts
 t - 67 sling bullets
 P - 2 javelins
Armour
 b - a +1 cloak (worn)
 h - a +3 ring mail
 l - a +2 leather armour of poison resistance
 C - the +6 scale mail of Autotheism (worn) {rC+ rN+ Slay+3}
   (You found it on level 4 of the Dungeon)

   It affects your accuracy and damage with ranged weapons and melee attacks
   (+3).
   It protects you from cold.
   It protects you from negative energy.
 D - a +0 pair of gloves (worn)
 F - a +1 robe of fire resistance
Jewellery
 g - an uncursed ring of protection from magic
 q - a +4 ring of evasion (left hand)
 z - a +6 ring of intelligence
 I - a +4 ring of evasion (right hand)
 O - an amulet of magic regeneration (around neck)
Wands
 u - a wand of random effects (62)
 y - a wand of acid (8)
 G - a wand of flame (28)
 N - a wand of polymorph (8)
 Q - a wand of enslavement (5)
Scrolls
 f - a scroll of identify
 i - 3 scrolls of immolation
 s - 4 scrolls of remove curse
 w - a scroll of fog
 H - 3 scrolls of amnesia
 R - 2 scrolls of enchant armour
Potions
 c - 5 potions of brilliance
 d - 2 potions of might {unknown}
 m - a potion of magic {unknown}
 n - 3 potions of resistance
 v - 2 potions of curing
 A - 2 potions of invisibility
 B - a potion of lignification {unknown}
 J - a potion of cancellation {unknown}
 K - 2 potions of flight {unknown}


   Skills:
 + Level 6.4 Fighting
 + Level 4.8 Armour
 + Level 7.5 Dodging
 - Level 2.0 Stealth
 + Level 6.9 Spellcasting
 + Level 4.7 Conjurations
 + Level 11.9 Air Magic
 + Level 4.2 Evocations


You had 10 spell levels left.
You knew the following spells:

 Your Spells              Type           Power        Failure   Level
a - Shock                 Conj/Air       ####         2%          1
b - Static Discharge      Conj/Air       ####....     7%          3
c - Airstrike             Air            #####.....   4%          4
d - Lightning Bolt        Conj/Air       ####......   52%         5

Your spell library contained the following spells:

 Spells                   Type           Power        Failure   Level
 Swiftness                Air            #####...     1%          2


Dungeon Overview and Level Annotations

Branches:
Dungeon (8/15)             Temple (1/1) D:6
   Lair: D:8-11

Altars:
Ashenzari
Cheibriados
Dithmenos
Elyvilon
Fedhas
Makhleb
Okawaru
Qazlal
Ru
Sif Muna
Trog
Uskayaw
Vehumet
Wu Jian
Xom
Yredelemnul
Zin
The Shining One

Shops:
D:4 =*   D:7 [

Annotations:
D:6 Asdor's ghost, novice DsGl


Innate Abilities, Weirdness & Mutations

You have a beak for a mouth.
You have claws for feet.
You can fly continuously.


Message History

A daeva comes into view.
It is wielding a +2 scimitar of holy wrath.
Found a gateway leading out of the Abyss.
A cyan very ugly thing comes into view.
The cyan very ugly thing gurgles horribly!
The daeva shouts!
The daeva calls down the wrath of the Shining One upon you.
The Shining One smites you!
* * * LOW HITPOINT WARNING * * *
There is a gateway leading out of the Abyss here.
The quasit barely misses you.
The quasit claws you but does no damage.
The quasit misses you. x2
The quasit claws you but does no damage.
The quasit closely misses you.
You pass through the gate.
Welcome back to the Dungeon!
Level annotation: Asdor's ghost, novice DsGl The big kobold hits you but does no damage.
Space bends around you.
You die...

###...########################W##
##..# #.## #..## #K## #.>.# #.##
#...# ###############.## #...#
#K....KW........## ####...#
#W################ ......## #5# #
####### #@# # #K# # #.# # #.# #
#.# # #.# #.# #.################
#.................


You could see 2 big kobolds, a quasit and Asdor's ghost.

Vanquished Creatures
  A two-headed ogre (D:8)
  Pikel (D:7)
  Joseph (D:7)
  A slime creature (Temple)
  A wyvern (D:8)
  A large abomination (Abyss:2)
  Duvessa (D:6)
  A water moccasin (D:8)
  A sky beast (D:8)
  A necrophage (D:8)
  An ice beast (D:6)
  A phantom (D:6)
  5 ogres
  4 lemures (D:7)
  A centaur (D:8)
  4 small abominations (Abyss:2)
  8 big kobolds
  A wyvern zombie (D:8)
  4 bullfrogs
  Dowan (D:6)
  3 scorpions
  17 wights
  2 bullfrog zombies
  7 hounds
  11 jellies
  2 orc priests
  A bullfrog skeleton (D:7)
  Ijyb (D:3)
  3 iguanas
  5 orc wizards
  9 worker ants
  A howler monkey zombie (D:7)
  7 gnolls
  8 adders
  2 shadow imps
  A white imp (D:5)
  2 ufetubi
  12 oozes
  2 adder skeletons
  2 worms
  3 dart slugs
  10 leopard geckos
  32 orcs
  4 giant cockroaches
  10 goblins
  3 hobgoblins
  18 jackals
  13 kobolds
  2 quokkas
  A ball python skeleton (D:2)
  2 bats
  3 frilled lizards
  2 jackal zombies
  2 quokka skeletons
  5 rats
248 creatures vanquished.

Vanquished Creatures (others)
  8 fungi (D:6)
  2 plants (D:6)
  2 starspawn tentacles (Abyss:2)
12 creatures vanquished.

Grand Total: 260 creatures vanquished

Notes
Turn   | Place    | Note
-------+----------+-------------------------------------------
     0 | D:1      | kharz the Tengu Air Elementalist began the quest for the
                  | Orb.
     0 | D:1      | Reached XP level 1. HP: 10/10 MP: 4/4
   207 | D:1      | Reached XP level 2. HP: 15/15 MP: 3/6
   788 | D:1      | Reached XP level 3. HP: 16/19 MP: 5/7
  1965 | D:2      | Reached XP level 4. HP: 24/24 MP: 7/9
  2082 | D:2      | Reached skill level 5 in Air Magic
  2201 | D:3      | Learned a level 3 spell: Static Discharge
  2206 | D:3      | Learned a level 4 spell: Airstrike
  2802 | D:3      | Noticed Ijyb
  2807 | D:3      | Gained mutation: You can fly continuously. [Tengu growth]
  2807 | D:3      | Reached XP level 5. HP: 23/28 MP: 4/10
  2836 | D:3      | Killed Ijyb
  3079 | D:3      | Found a shimmering blue altar of Sif Muna.
  3180 | D:3      | Found a broken altar of Ashenzari.
  3580 | D:4      | Found Rexafau's General Store.
  3747 | D:4      | Got a transparent scale mail
  3919 | D:4      | Bought a scroll of blinking for 90 gold pieces
  3985 | D:4      | Identified the +6 scale mail of Autotheism {rC+ rN+ Slay+3}
                  | (You found it on level 4 of the Dungeon)
  4014 | D:4      | Found Ofest's Jewellery Boutique.
  4017 | D:4      | Reached skill level 6 in Air Magic
  4017 | D:4      | Reached XP level 6. HP: 33/33 MP: 8/12
  4220 | D:4      | Reached skill level 1 in Fighting
  4685 | D:4      | Reached skill level 1 in Armour
  4871 | D:4      | Reached XP level 7. HP: 29/38 MP: 6/13
  4952 | D:4      | Found an ornate altar of the Wu Jian Council.
  5178 | D:4      | Bought a potion of heal wounds for 60 gold pieces
  5192 | D:5      | Entered Level 5 of the Dungeon
  5215 | D:5      | Reached skill level 7 in Air Magic
  5568 | D:5      | Learned a level 5 spell: Lightning Bolt
  5731 | D:5      | Found a shimmering altar of Xom.
  6119 | D:5      | Reached XP level 8. HP: 45/45 MP: 7/15
  6216 | D:6      | Noticed Duvessa
  6517 | D:6      | Killed Duvessa
  6517 | D:6      | Reached skill level 8 in Air Magic
  6519 | D:6      | Noticed Dowan
  6621 | D:6      | Killed Dowan
  6769 | D:6      | Found a staircase to the Ecumenical Temple.
  6914 | Temple   | Entered the Ecumenical Temple
  7059 | D:6      | Noticed a slime creature
  7063 | D:6      | Reached skill level 9 in Air Magic
  7179 | Temple   | Killed a slime creature
  7417 | D:6      | Reached skill level 5 in Spellcasting
  7417 | D:6      | Reached XP level 9. HP: 52/52 MP: 7/17
  7418 | D:6      | Reached skill level 5 in Dodging
  7799 | D:6      | Reached skill level 10 in Air Magic
  8819 | D:6      | Found a runed translucent gate.
  8821 | D:6      | Found a runed translucent gate.
  8822 | D:6      | Noticed Asdor's ghost (novice DsGl)
  8823 | D:6      | Found a runed translucent gate.
  9006 | D:7      | Found Atrywno's Armour Shoppe.
  9031 | D:7      | Reached skill level 1 in Evocations
  9213 | D:7      | Noticed Pikel
  9227 | D:7      | Killed Pikel
  9227 | D:7      | Reached skill level 5 in Fighting
  9227 | D:7      | Reached skill level 11 in Air Magic
  9483 | D:7      | Reached XP level 10. HP: 58/59 MP: 8/20
 10355 | D:7      | Found a glowing silver altar of Zin.
 10625 | D:8      | Noticed a two-headed ogre
 10637 | D:8      | Killed a two-headed ogre
 10679 | D:8      | Found a glowing golden altar of the Shining One.
 11963 | D:8      | Found a radiant altar of Vehumet.
 11967 | D:8      | Became a worshipper of Vehumet
 12171 | D:8      | Found a basalt altar of Yredelemnul.
 12174 | D:8      | Found a shimmering altar of Xom.
 12537 | D:7      | Noticed Joseph
 12549 | D:7      | Killed Joseph
 12790 | D:6      | Cast into level 2 of the Abyss (big kobold)
 12827 | Abyss:2  | Noticed a wretched star
 12906 | Abyss:2  | Noticed a smoke demon
 12926 | Abyss:2  | Noticed a starcursed mass
 12941 | Abyss:2  | Noticed a smoke demon
 12957 | Abyss:2  | Noticed a large abomination
 12965 | Abyss:2  | Noticed a blizzard demon
 13004 | Abyss:2  | Noticed an apocalypse crab
 13014 | Abyss:2  | Noticed a bone dragon
 13023 | Abyss:2  | Noticed a smoke demon
 13023 | Abyss:2  | Noticed a starcursed mass
 13064 | Abyss:2  | Noticed a tentacled starspawn
 13108 | Abyss:2  | Reached XP level 11. HP: 33/65 MP: 14/22
 13122 | Abyss:2  | HP: 3/66 [small abomination (8)]
 13170 | Abyss:2  | Noticed a daeva
 13171 | Abyss:2  | Noticed a cyan very ugly thing
 13174 | D:6      | Escaped the Abyss
 13174 | D:6      | Slain by a big kobold

Illustrated notes

Levels and vault maps discovered:
D:1:      lemuel_arrival_lava_pool, layout_rooms, st_stairs_11
D:2:      layout_loops_ring, serial_undead, serial_undead_b, serial_undead_e,
          serial_undead_c, serial_undead_d, serial_undead_a, serial_undead_e,
          serial_undead_c, serial_undead_b, minmay_tiny_reverse_x
D:3:      layout_basic, marbit_many_paths, ashenzari_altar_1, uniq_ijyb
D:4:      mumra_celtic_spiral_tile, layout_basic, lemuel_doored_altar,
          serial_shops, shop, shop
D:5:      layout_loops_ring, basic_altar, uniq_crazy_yiuf_cottage
D:6:      lemuel_slime, layout_basic, minmay_temple_entry_proselytizer,
          gammafunk_ghost_nasty_kobolds, uniq_duvessa
D:7:      layout_loops_ring, zin_treasury, serial_shops, shop, uniq_joseph,
          uniq_pikel
D:8:      layout_loops_ring, grunt_temple_overflow_diamond, tso_altar
Temple:   jpeg_temple_clearing

Skill      XL: |  1  2  3  4  5  6  7  8  9 10 |
---------------+-------------------------------+-----
Conjurations   | 2 3 4 |  4.7
Air Magic      | 5 6 7 9 11 | 11.9
Spellcasting   | 3 4 5 6 |  6.9
Fighting       | 1 2 3 5 6 |  6.4
Armour         | 1 2 3 4 |  4.8
Dodging        | 3 4 6 7 |  7.5
Evocations     | 2 4 |  4.2
Stealth        | |  2.0

Action                   |  1- 3 |  4- 6 |  7- 9 | 10-12 || total
-------------------------+-------+-------+-------+-------++-------
Melee: Short sword       |     3 |       |       |       ||     3
       Dagger            |    43 |    19 |    31 |     9 ||   102
       Kick              |    13 |     2 |     8 |     3 ||    26
       Peck              |     5 |     3 |     6 |     3 ||    17
Throw: Stone             |     2 |       |       |       ||     2
 Cast: Shock             |    44 |   103 |   136 |   122 ||   405
       Static Discharge  |       |       |    63 |    11 ||    74
       Airstrike         |       |       |     3 |    32 ||    35
 Abil: Fly               |       |     1 |       |       ||     1
  Use: Scroll            |       |     7 |     1 |    13 ||    21
       Potion            |       |       |       |     8 ||     8
 Stab: Sleeping          |       |     2 |       |     1 ||     3
Armor: Robe              |    10 |     3 |       |       ||    13
       Ring mail         |       |    10 |       |       ||    10
       Leather armour    |       |     1 |    25 |       ||    26
       Scale mail        |       |       |       |    23 ||    23
Dodge: Dodged            |    56 |    35 |   104 |   103 ||   298

Table legend: (Time is in decaauts)
 A = Elapsed time spent in this place.
 B = Non-inter-level travel time spent in this place.
 C = Inter-level travel time spent in this place.
 D = Time resting spent in this place.
 E = Time spent auto-exploring this place.
 F = Levels seen in this place.
 G = Mean time per level.
                   A        B        C        D        E       F      G
               +--------+--------+--------+--------+--------+-----+--------+
         Total |  12700 |  12137 |    563 |   2719 |   6602 |  10 | 1270.0 |
       Dungeon |  11720 |  11174 |    546 |   2232 |   6498 |   8 | 1465.0 |
        Temple |    628 |    611 |     17 |    487 |    103 |   1 |  628.0 |
         Abyss |    351 |    351 |      0 |      0 |      0 |   1 |  351.0 |
               +--------+--------+--------+--------+--------+-----+--------+

Top non-repeatable levels by time:
     D:6: 2108 daAuts
     D:4: 1771 daAuts
     D:8: 1683 daAuts
     D:7: 1640 daAuts
     D:3: 1231 daAuts
     D:2: 1159 daAuts
     D:1: 1115 daAuts
     D:5: 1010 daAuts
  Temple: 628 daAuts
 Abyss:2: 351 daAuts
